 Dungeon Crawl Stone Soup version 0.30.0-19-g36f170ea60 (webtiles) character file.

Game seed: 5890097574236695535

325432 infcreate the Acrobat (level 21, -2/134 HPs)
             Began as a Tengu Monk on May 27, 2023.
             Was a High Priest of Okawaru.
             Slain by a +5 vampiric battleaxe (12 damage)
             ... animated by a strange machine
             ... in a wizard's laboratory on May 28, 2023.
             The game lasted 02:25:34 (56304 turns).

infcreate the Acrobat (Tengu Monk)                 Turns: 56304, Time: 02:25:34

Health: -2/134     AC: 26    Str: 17    XL:     21   Next: 62%
Magic:  28/28      EV: 30    Int: 13    God:    Okawaru [*****.]
Gold:   4190       SH:  5    Dex: 26    Spells: 20/20 levels left

rFire   + . .        A - +3 triple sword (elec)
rCold   . . .        (shield currently unavailable)
rNeg    . . .        O - +1 chain mail {rF+}
rPois   +            W - +2 hat
rElec   .            M - +2 cloak {rPois}
rCorr   .            V - +0 pair of gloves
SInv    +            (boots unavailable)
Will    +....        t - amulet of reflection Stlth
                     v - ring of see invisible
HPRegen 0.42/turn    S - +6 ring of strength
MPRegen 0.21/turn

%: reflection
@: flying quickly and evasively, studying Unarmed Combat, quick
A: beak, talons 3, nimble flight, iridescent scales 1, low MP 1, sense
surroundings 1
}: 2/15 runes: barnacled, gossamer
a: Renounce Religion, Heroism, Finesse, Duel


You were in a wizard's laboratory.
You worshipped Okawaru.
Okawaru was extremely pleased with you.
You visited 7 branches of the dungeon, and saw 35 of its levels.
You visited the Abyss 1 time.
You also visited: Bailey and Wizlab.

You collected 7214 gold pieces.
You spent 3024 gold pieces at shops.


Innate Abilities, Weirdness & Mutations

You have a beak for a mouth.
You have claws for feet.
Your magical nature lets you fly swiftly and evasively.
You are partially covered in iridescent scales. (AC +2)
Your magical capacity is low. (-10% MP)
You passively map a small area around you.


   Skills:
 + Level 15.0 Fighting
 * Level 21.3 Long Blades
 * Level 21.0 Armour
 * Level 23.0 Dodging
 + Level 12.0 Invocations


You had 20 spell levels left.
You didn't know any spells.
Your spell library contained the following spells:

 Spells                   Type           Power      Damage    Failure   Level
 Apportation              Tloc           0%         N/A       75%         1
 Freeze                   Ice            0%         1d3       75%         1
 Necrotise                Necr           0%         1d4       75%         1
 Sting                    Tmut/Pois      0%         1d3       75%         1
 Blink                    Tloc           0%         N/A       87%         2
 Poisonous Vapours        Pois/Air       0%         N/A       87%         2
 Static Discharge         Conj/Air       0%         2-2/arc   87%         2
 Dazzling Flash           Conj/Hex       0%         N/A       98%         3
 Frozen Ramparts          Ice            0%         1d1       98%         3
 Gell's Gravitas          Tloc           0%         N/A       98%         3
 Hailstorm                Conj/Ice       0%         3d3       98%         3
 Inner Flame              Hex/Fire       0%         N/A       98%         3
 Ozocubu's Armour         Ice            0%         N/A       98%         3
 Teleport Other           Tloc           0%         N/A       98%         3
 Vampiric Draining        Necr           0%         2d6       98%         3
 Vhi's Electric Charge    Tloc/Air       0%         N/A       98%         3
 Volatile Blastmotes      Fire/Tloc      0%         2d10      98%         3
 Airstrike                Air            0%         2d(0-16)  100%        4
 Flame Wave               Conj/Fire      0%         2d4       100%        4
 Iskenderun's Mystic Bla  Conj/Tloc      0%         2d3       100%        4
 Leda's Liquefaction      Hex/Erth       0%         N/A       100%        4
 Manifold Assault         Tloc           0%         N/A       100%        4
 Olgreb's Toxic Radiance  Pois           0%         N/A       100%        4
 Passage of Golubria      Tloc           0%         N/A       100%        4
 Sticky Flame             Conj/Fire      0%         2d3       100%        4
 Agony                    Necr           0%         N/A       100%        5
 Arcjolt                  Conj/Air       0%         1d10      100%        5
 Blade Hands              Tmut           0%         N/A       100%        5
 Irradiate                Conj/Tmut      0%         3d11      100%        5
 Lee's Rapid Deconstruct  Erth           0%         3d4*      100%        5
 Metabolic Englaciation   Hex/Ice        0%         N/A       100%        5
 Silence                  Hex/Air        0%         N/A       100%        5
 Yara's Violent Unravell  Hex/Tmut       0%         3d3       100%        5
 Dispersal                Tloc           0%         N/A       100%        6
 Iron Shot                Conj/Erth      0%         9d1       100%        6
 Starburst                Conj/Fire      0%         6d3       100%        6
 Statue Form              Tmut/Erth      0%         N/A       100%        6
 Dragon Form              Tmut           0%         N/A       100%        7
 Enfeeble                 Hex            0%         N/A       100%        7
 Storm Form               Tmut/Air       0%         N/A       100%        7
 Lehudib's Crystal Spear  Conj/Erth      0%         10d2      100%        8
 Maxwell's Capacitive Co  Air            0%         ∞         100%        8
 Summon Small Mammal      Summ           Unusable   N/A       N/A         1
 Animate Armour           Summ/Erth      Unusable   N/A       N/A         4
 Summon Lightning Spire   Summ/Air       Unusable   N/A       N/A         4
 Simulacrum               Ice/Necr       Unusable   N/A       N/A         6

Inventory:

Hand Weapons
 q - the +6 great sword of Ecsott {holy, Drain Will+ Int+3 SInv}
   (Okawaru gifted it to you on level 4 of the Shoals)

   Int:       It affects your intelligence (+3).
   SInv:      It lets you see invisible.
   Drain:     It drains your maximum health when unequipped.
   Will:      It increases your willpower.
 A - a +3 triple sword of electrocution (weapon)
 J - a +1 great sword of flaming
Armour
 d - an orb of light
 I - a +3 ring mail of poison resistance
 L - a +4 plate armour of fire resistance
 M - a +2 cloak of poison resistance (worn)
 O - a +1 chain mail of fire resistance (worn)
 V - a +0 pair of gloves (worn)
 W - a +2 hat (worn)
 X - the +2 robe of the Many Scars {rN+++}
   (Okawaru gifted it to you on level 4 of the Shoals)

   rN:        It renders you almost immune to negative energy.
Jewellery
 h - the ring "Himm" {Will+ EV+5 Str-2 Int+3}
   (You found it on level 2 of the Spider Nest)

   [ring of evasion]

   EV:        It affects your evasion (+5).
   Str:       It affects your strength (-2).
   Int:       It affects your intelligence (+3).
   Will:      It increases your willpower.
 t - an amulet of reflection (around neck)
 v - a ring of see invisible (left hand)
 C - a ring of protection from cold
 F - a ring of protection from fire
 R - a ring of resist corrosion
 S - a +6 ring of strength (right hand)
 T - a +4 ring of protection
 U - the ring "Babubuosk" {*Slow rC++ rN+ Int+3 Dex+2}
   (You found it on level 5 of the Lair of Beasts)

   [ring of positive energy]

   Int:       It affects your intelligence (+3).
   Dex:       It affects your dexterity (+2).
   rC:        It greatly protects you from cold.
   rN:        It protects you from negative energy.
   *Slow:     It may slow you when you take damage.
Wands
 b - a wand of flame (64)
 w - a wand of roots (43)
 Z - a wand of digging (8)
Scrolls
 c - 17 scrolls of teleportation {@r2}
 e - 8 scrolls of immolation
 i - 3 scrolls of magic mapping
 k - 4 scrolls of poison
 p - 4 scrolls of fog
 s - 12 scrolls of amnesia
 u - 6 scrolls of enchant armour
 y - 6 scrolls of vulnerability
 E - a scroll of brand weapon
 G - 7 scrolls of fear
 H - 3 scrolls of silence {!r}
 P - 4 scrolls of blinking
Potions
 a - 16 potions of curing {@q1}
 f - 4 potions of berserk rage {!q}
 g - 15 potions of haste {@q3}
 j - 5 potions of mutation
 l - 3 potions of resistance
 m - 6 potions of magic
 n - 4 potions of cancellation
 o - 6 potions of might
 x - 4 potions of ambrosia
 B - 5 potions of lignification
 K - 2 potions of invisibility
 N - 6 potions of heal wounds {@q2}
 Q - 6 potions of attraction
 Y - 5 potions of brilliance
Miscellaneous
 r - a piece from Xom's chessboard (15/15)
 z - a phial of floods
 D - a lightning rod (4/4)

Dungeon Overview and Level Annotations

Branches:
Dungeon (15/15)            Temple (1/1) D:6            Lair (5/5) D:8
 Shoals (4/4) Lair:3       Spider (4/4) Lair:3        Slime (0/5) Lair:5
    Orc (2/2) D:11            Elf (0/3) Orc:2        Vaults (4/5) D:13
  Crypt (0/3) Vaults:2     Depths (0/4) D:15         Bailey (visited)
 WizLab (1/1)

Altars:
Ashenzari
Cheibriados
Dithmenos
Elyvilon
Fedhas
Gozag
Hepliaklqana
Kikubaaqudgha
Makhleb
Nemelex Xobeh
Okawaru
Qazlal
Ru
Sif Muna
Trog
Uskayaw
Vehumet
Wu Jian
Xom
Yredelemnul
Zin
The Shining One
Jiyva

Shops:
D:1 [   D:5 ((?!*   D:7 *   Orc:2 ?[?=   Shoals:2 *?   Vaults:1 !?[
Vaults:2 !

Portals:
Pandemonium: Orc:2

Annotations:
Vaults:2 3 runed translucent doors, Synox's ghost, legendary FoFi

#...#▒#...§.#▒#...#▒
#.).#▒#.....#▒#.R.#▒
#...#▒#.....#▒#...#▒
#..)#▒#..⌠..#▒#...#▒
#...#▒#.....#▒#...#▒
#...#▒#.....#▒#...#▒
##..#▒#.....#▒#R.##▒
▒▒..▒▒▒▒...▒▒▒▒.{▒▒▒
▒.).▒ ▒▒#'#▒▒ ▒.@)▒
▒''▒▒▒▒#...#▒▒▒▒''▒
▒▒.)▒▒#.....#▒▒.)▒▒
▒▒.........))).▒▒
▒#.).▒...▒.).#▒
▒▒▒▒▒▒∩.∩▒▒▒▒▒▒
▒###▒ ▒▒▒▒▒


You could see 2 rakshasas and a +5 vampiric battleaxe (summoned).


Message History

a +2 broad axe of freezing; a +2 flail of draining
There is a large open translucent door, spattered with blood here.
Things that are here:
a +0 long sword; a +0 robe The +5 vampiric battleaxe closely misses you.
The rakshasa blinks!
The +5 vampiric battleaxe attacks as you move away!
The +5 vampiric battleaxe closely misses you.
The +5 vampiric battleaxe attacks as you move away!
The +5 vampiric battleaxe completely misses you.
A rakshasa comes into view. It is wielding a +0 trident.
You feel much better. The +5 vampiric battleaxe misses you.
You block the +5 vampiric battleaxe's attack.
The rakshasa blinks!
The +5 vampiric battleaxe misses you.
The +5 vampiric battleaxe attacks as you move away!
The +5 vampiric battleaxe hits you!
* * * LOW HITPOINT WARNING * * *
The rakshasa completely misses you.
The rakshasa hits you with a +0 long sword.
* * * LOW HITPOINT WARNING * * *
The +5 vampiric battleaxe completely misses you.
The +5 vampiric battleaxe attacks as you move away!
The +5 vampiric battleaxe hits you!
* * * LOW HITPOINT WARNING * * *
Things that are here:
a +0 long sword; a +0 robe The +5 vampiric battleaxe attacks as you move away!
The +5 vampiric battleaxe hits you!
You die...

Skill      XL: |  1  2  3  4  5  6  7  8  9 10 11 12 13 14 15 16 17 18 19 20 21 |
---------------+----------------------------------------------------------------+-----
Armour         | 1 2 3 4 5 7 8 10 11 13 14 15 16 17 18 19 20 21 | 21.0
Dodging        | 4 5 6 8 9 11 12 13 14 15 17 19 20 21 22 23 | 23.0
Long Blades    | 4 5 6 8 9 11 12 13 14 15 16 18 19 20 21 | 21.3
Fighting       | 4 5 6 7 8 9 10 11 12 13 14 15 | 15.0
Invocations    | 2 3 4 6 7 8 9 10 11 12 | 12.0

Action                     |  1- 3 |  4- 6 |  7- 9 | 10-12 | 13-15 | 16-18 | 19-21 || total
---------------------------+-------+-------+-------+-------+-------+-------+-------++-------
  Melee: Falchion          |    70 |   153 |   154 |       |       |       |       ||   377
         Kick              |    27 |    60 |   123 |   251 |   435 |   641 |   725 ||  2262
         Peck              |    13 |    18 |    74 |   166 |   294 |   437 |   459 ||  1461
         Long sword        |       |       |   126 |   194 |       |       |       ||   320
         Scimitar          |       |       |       |   450 |   825 |       |       ||  1275
         Great sword       |       |       |       |       |   188 |  1532 |    94 ||  1814
         Unarmed           |       |       |       |       |    17 |       |       ||    17
         Triple sword      |       |       |       |       |       |       |  1382 ||  1382
 Invoke: Heroism           |       |       |       |    11 |     8 |    18 |    14 ||    51
         Finesse           |       |       |       |     1 |     2 |    13 |     6 ||    22
  Evoke: Wand              |       |       |     6 |     1 |     2 |     1 |       ||    10
    Use: Potion            |     1 |     2 |       |     2 |     3 |     5 |     6 ||    19
         Scroll            |       |     4 |     6 |    12 |    16 |     7 |     7 ||    52
   Stab: Sleeping          |     1 |       |       |       |       |       |       ||     1
         Invisible         |       |       |       |       |       |     8 |       ||     8
 Armour: Robe              |     9 |    12 |       |       |       |       |       ||    21
         Ring mail         |       |    15 |    24 |       |       |       |       ||    39
         Scale mail        |       |       |     8 |       |       |       |       ||     8
         Chain mail        |       |       |    30 |    70 |       |       |    96 ||   196
         Plate armour      |       |       |       |   148 |   388 |   696 |   463 ||  1695
  Dodge: Dodged            |    49 |   120 |   217 |   599 |   665 |  1281 |  1510 ||  4441
  Block: Other             |       |       |       |       |    43 |   305 |   310 ||   658
         Reflection        |       |       |       |       |     8 |     6 |    10 ||    24
         Orb               |       |       |       |       |     3 |       |       ||     3

Levels and vault maps discovered:
D:1:      minmay_arrival_semitransparent, layout_rooms, serial_shops,
          nicolae_shop_hallway_stairs, minmay_pentomino_t2
D:2:      layout_loops_ring, serial_bayou_lagoon_a, minmay_small_reverse_x
D:3:      layout_basic, nicolae_ru_awakened_eye,
          hellmonk_ecumenical_altar_dog_temple, kennysheep_path_1
D:4:      layout_basic, uniq_crazy_yiuf_cottage, uniq_robin, uniq_eustachio,
          uniq_grinder
D:5:      layout_gridville, bloody_makhleb, nicolae_overflow_crystal_walls,
          gammafunk_temple_of_torment, nicolae_shop_national_dungeon_mall,
          nicolae_eternal_life, uniq_edmund
D:6:      layout_gridville, minmay_temple_entry_stoned_glass,
          hangedman_abyss_or_decor_stabs, minmay_manual_mares
D:7:      layout_cave_pools, zin_purify, mainiacjoe_overflow_alcove_4
D:8:      minmay_bloctagon_deflated, layout_basic, okawaru_metal_pillars_1_2,
          minmay_lair_entry_grove
D:9:      layout_loops_ring, trog_three_pillars_becter, old_standard_altar,
          grunt_gozag_statues, tso_altar, nicolae_dithmenos_shadow_blocks,
          uniq_erica
D:10:     minmay_separated_statues, layout_grid_maze,
          mainiacjoe_overflow_cross_hatched, enter_bailey_5, uniq_lodul
D:11:     layout_basic, hiddenorc1_lemuel, item_on_display_a
D:12:     layout_stronghold, uniq_psyche, uniq_kirke, uniq_nergalle
D:13:     layout_basic, david_vaults_5, serial_bayou_ford_a, hangedman_aviary
D:14:     layout_layer_cave, nicolae_wwwww, uniq_snorg
D:15:     hangedman_depths_entry_civil_slaughter, layout_cave_pods
Temple:   hellmonk_temple_beads
Lair:1:   lemuel_ratsnest, layout_small_grid, grunt_megastairs_5,
          lemuel_fruit_tree, uniq_harold
Lair:2:   layout_misc_corridors, grunt_megastairs_1
Lair:3:   layout_regular_city, elwin_shoals_entry_rooms,
          nicolae_spider_entry_lesser_pyramids
Lair:4:   layout_misc_corridors
Lair:5:   minmay_lair_end_frog_pond, layout_gridlike,
          nicolae_slime_entry_field_trip, serial_bayou_shore_b
Shoals:1: layout_shoals, nicolae_shoals_lost_giant_pillars
Shoals:2: layout_shoals, serial_shops, shop, ebering_ghost_gozag
Shoals:3: layout_shoals, nicolae_shoals_lost_giant_baths, uniq_polyphemus
Shoals:4: shoals_end_hellmonk_storm_palace [storm_palace_center_circular,
          storm_palace_corner_blocked, storm_palace_corner_grid,
          storm_palace_corner_pillars, storm_palace_corner_reverse_hut]
Spider:1: layout_spider_delve, gammafunk_ghost_cemetery, nicolae_crawler_farm
Spider:2: layout_cave_pods, uniq_arachne
Spider:3: spiders_nest_scorpion_pit, nicolae_spider_wall_of_niches,
          uniq_mlioglotl
Spider:4: floodkiller_spider_rune_tomb
Orc:1:    layout_diamond_mine, uniq_maurice, uniq_sonja
Orc:2:    pf_orc_diabolical, layout_diamond_mine, rock_pile, uniq_jorgrun,
          uniq_erolcha
Vaults:1: vaults_mumra_minichess_inversion, vaults_room_door_ring,
          nicolae_vaults_double_plus_1, nicolae_vaults_stairing_the_circle,
          grunt_vaults_swirl, nicolae_vaults_ninety_degrees, vaults_room_fours,
          v_misc_25, nicolae_vaults_little_squares_4,
          ontoclasm_vaults_ring_small, vaults_mumra_hex,
          nicolae_vaults_diamond_2, layout_vaults_ring, serial_shops,
          nicolae_shop_pleasant_corner_grove, shop, nicolae_square_shop
Vaults:2: ebering_ghost_rock_garden, blue_anna_dwarven_crypt,
          ontoclasm_vaults_spin, v_misc_12, nicolae_vaults_apartment_1,
          nicolae_vaults_little_squares_6, v_misc_27, layout_vaults_omnigrid,
          serial_shops, nicolae_shop_tiny_real_fake_doors
Vaults:3: ebering_ghost_reflecting_pool, nicolae_vaults_an_arrangement,
          nicolae_vaults_puzzle_piece, v_misc_29, v_pattern_3,
          nicolae_vaults_closet_pinwheel_4, hangedman_vaults_locks,
          nicolae_vaults_house_1, nicolae_vaults_mitosis, nicolae_vaults_two_Ls,
          nicolae_vaults_tetromino_Z_1, nicolae_vaults_trapezoid_3,
          grunt_vaults_focal, layout_vaults_maze
Vaults:4: mu_enter_wizlab_4, v_rooms_2, grunt_vaults_trifunnel,
          nicolae_vaults_prndl, nicolae_vaults_door_testing_chamber,
          gammafunk_its_a_trap, nicolae_vaults_trapezoid_3,
          nicolae_vaults_angled_halls, nicolae_vaults_ring_of_whatevers,
          vaults_standard_mumra_enter_the_diamond,
          nicolae_vaults_mini_display_case, nicolae_vaults_ring_of_whatevers,
          hangedman_vaults_trim, nicolae_vaults_double_plus_2,
          layout_vaults_omnibox
WizLab:   wizlab_tukima

Notes
Turn   | Place    | Note
-------+----------+-------------------------------------------
     0 | D:1      | infcreate the Tengu Monk began the quest for the Orb.
     0 | D:1      | Reached XP level 1. HP: 14/14 MP: 2/2
    53 | D:1      | Reached XP level 2. HP: 17/19 MP: 3/3
   243 | D:1      | Reached skill level 1 in Armour
   257 | D:1      | Reached XP level 3. HP: 20/23 MP: 4/4
   380 | D:1      | Found Eku Cin's Armour Boutique.
   799 | D:2      | Reached XP level 4. HP: 28/28 MP: 5/5
   931 | D:2      | Reached skill level 2 in Armour
   931 | D:2      | Reached skill level 4 in Dodging
   983 | D:2      | Reached skill level 4 in Long Blades
  1243 | D:2      | Gained mutation: Your magical nature lets you fly swiftly
                  | and evasively. [Tengu growth]
  1243 | D:2      | Reached XP level 5. HP: 23/33 MP: 6/6
  1748 | D:3      | Found a sacrificial altar of Ru.
  1923 | D:3      | Found a faded altar of an unknown god.
  2278 | D:3      | Reached skill level 4 in Fighting
  2425 | D:4      | Noticed a black bear
  2471 | D:1      | Bought a +0 ring mail for 48 gold pieces
  2546 | D:4      | Noticed Eustachio
  2778 | D:4      | Killed Eustachio
  2779 | D:4      | Reached skill level 3 in Armour
  2779 | D:4      | Reached XP level 6. HP: 17/38 MP: 7/7
  2897 | D:4      | Noticed Grinder
  2959 | D:4      | Paralysed by Grinder for 2 turns
  2965 | D:4      | HP: 3/38 [Grinder/nerve-wracking pain (12)]
  3118 | D:4      | Paralysed by Grinder for 2 turns
  3121 | D:4      | Killed Grinder
  3122 | D:4      | Reached skill level 5 in Long Blades
  3122 | D:4      | Reached skill level 5 in Dodging
  3122 | D:4      | Reached XP level 7. HP: 35/44 MP: 8/8
  3253 | D:4      | Noticed Robin
  3263 | D:4      | Killed Robin
  3282 | D:4      | Reached skill level 4 in Armour
  3419 | D:4      | Reached skill level 5 in Fighting
  3808 | D:4      | Reached XP level 8. HP: 45/49 MP: 9/9
  3980 | D:4      | Found a runed translucent door.
  3981 | D:4      | Noticed Crazy Yiuf
  4113 | D:4      | Reached skill level 6 in Long Blades
  4113 | D:4      | Reached skill level 6 in Dodging
  4548 | D:5      | Entered Level 5 of the Dungeon
  4548 | D:5      | Found Maufrysh's Distillery.
  4550 | D:5      | Found Udit's Weapon Emporium.
  4554 | D:5      | Found Pexzaf's General Store.
  4554 | D:5      | Found Zotsulos's Magic Scroll Shop.
  4555 | D:5      | Noticed Edmund
  4663 | D:5      | Killed Edmund
  4664 | D:5      | Reached skill level 5 in Armour
  4791 | D:5      | Found Ahet's Antique Weapon Boutique.
  4802 | D:5      | Bought a scroll of enchant weapon for 90 gold pieces
  4802 | D:5      | Bought a scroll of enchant armour for 90 gold pieces
  4989 | D:5      | Found a burning altar of Makhleb.
  5023 | D:5      | Found a shimmering blue altar of Sif Muna.
  5121 | D:5      | Noticed a vampire
  5123 | D:5      | Found an ancient bone altar of Kikubaaqudgha.
  5125 | D:5      | Noticed Menkaure
  5128 | D:5      | Found a basalt altar of Yredelemnul.
  5131 | D:5      | Found a transporter.
  5146 | D:5      | Found a transporter.
  5308 | D:5      | Reached skill level 6 in Fighting
  5799 | D:5      | Bought a +0 long sword for 45 gold pieces
  5889 | D:4      | Killed Crazy Yiuf
  5962 | D:6      | Reached XP level 9. HP: 53/56 MP: 10/10
  5969 | D:6      | Reached skill level 7 in Long Blades
  5969 | D:6      | Reached skill level 6 in Armour
  5969 | D:6      | Reached skill level 7 in Dodging
  6092 | D:6      | Identified the +6 dagger "Ostriema" {speed, Str+3}
  6101 | D:6      | Found a staircase to the Ecumenical Temple.
  6145 | Temple   | Entered the Ecumenical Temple
  6677 | D:6      | Reached skill level 7 in Fighting
  7048 | D:6      | Reached skill level 7 in Armour
  7157 | D:7      | Reached skill level 8 in Long Blades
  7157 | D:7      | Reached skill level 8 in Dodging
  7427 | D:7      | Found Zin's Purification Station.
  7432 | D:7      | Found a glowing silver altar of Zin.
  7624 | D:7      | Found a hide-covered altar of Uskayaw.
  7660 | D:7      | Reached XP level 10. HP: 63/63 MP: 11/11
  7813 | D:8      | Found an iron altar of Okawaru.
  7823 | D:8      | Became a worshipper of Warmaster Okawaru
  7823 | D:8      | Reached * piety under Okawaru
  7823 | D:8      | Reached ** piety under Okawaru
  8096 | D:8      | Reached skill level 8 in Armour
  8132 | D:8      | Found a staircase to the Lair.
  8142 | D:8      | Reached skill level 1 in Invocations
  8197 | D:7      | Reached skill level 8 in Fighting
  8197 | D:7      | Reached skill level 9 in Long Blades
  8197 | D:7      | Reached skill level 9 in Dodging
  8360 | D:8      | Reached *** piety under Okawaru
  8554 | D:8      | Noticed a centaur warrior
  8587 | D:8      | Killed a centaur warrior
  8588 | D:8      | Reached skill level 2 in Invocations
  8632 | D:8      | Noticed a kobold demonologist
  8638 | D:8      | Noticed an orange demon
  8642 | D:8      | Killed a kobold demonologist
  8651 | D:8      | HP: 6/64 [poisoned by an orange demon]
  8925 | D:8      | Reached XP level 11. HP: 63/68 MP: 13/13
  9276 | D:9      | Found a shadowy altar of Dithmenos.
  9291 | D:9      | Reached skill level 9 in Armour
  9327 | D:9      | Found a bloodstained altar of Trog.
  9347 | D:9      | Noticed a two-headed ogre
  9359 | D:9      | Killed a two-headed ogre
  9359 | D:9      | Reached **** piety under Okawaru
  9488 | D:9      | Reached skill level 10 in Long Blades
  9488 | D:9      | Reached skill level 10 in Dodging
  9508 | D:9      | Noticed Erica
  9529 | D:9      | Killed Erica
  9595 | D:9      | Found an ornate altar of the Wu Jian Council.
  9675 | D:9      | Found an opulent altar of Gozag.
  9979 | D:9      | Found a glowing golden altar of the Shining One.
 10114 | D:5      | Reached skill level 3 in Invocations
 10122 | D:5      | Killed Menkaure
 10356 | D:10     | Entered Level 10 of the Dungeon
 10440 | D:10     | Found a flagged portal.
 10505 | Bailey   | Entered a bailey
 10640 | Bailey   | Received a gift from Okawaru
 10715 | Bailey   | Identified a +0 crystal plate armour
 11003 | Bailey   | Reached skill level 10 in Armour
 11017 | Bailey   | Reached ***** piety under Okawaru
 11282 | D:10     | Found a shimmering altar of Xom.
 11297 | D:10     | Noticed a two-headed ogre
 11405 | D:10     | Reached skill level 9 in Fighting
 11405 | D:10     | Reached skill level 11 in Dodging
 11477 | D:10     | Killed a two-headed ogre
 11478 | D:10     | Reached skill level 11 in Long Blades
 11478 | D:10     | Reached XP level 12. HP: 69/76 MP: 12/15
 11745 | D:10     | Noticed a two-headed ogre
 12104 | D:10     | Noticed a two-headed ogre
 12111 | D:10     | Killed a two-headed ogre
 12111 | D:10     | Identified the +1 quarterstaff of Triumph {antimagic, Will+
                  | Dex+3} (Okawaru gifted it to you on level 10 of the
                  | Dungeon)
 12111 | D:10     | Received a gift from Okawaru
 12112 | D:10     | Reached skill level 4 in Invocations
 12469 | D:10     | Noticed Lodul
 12483 | D:10     | Killed Lodul
 12732 | D:11     | Found a staircase to the Orcish Mines.
 13460 | D:11     | Noticed a two-headed ogre
 13467 | D:11     | Killed a two-headed ogre
 13468 | D:11     | Reached skill level 11 in Armour
 13735 | Lair:1   | Entered Level 1 of the Lair of Beasts
 13983 | Lair:1   | Reached skill level 12 in Long Blades
 13983 | Lair:1   | Reached skill level 12 in Dodging
 14444 | Lair:1   | Noticed Harold
 14465 | Lair:1   | Killed Harold
 15031 | Lair:2   | Reached XP level 13. HP: 81/81 MP: 17/17
 15045 | Lair:2   | Reached skill level 5 in Invocations
 15156 | Lair:2   | Received a gift from Okawaru
 15157 | Lair:2   | Reached skill level 12 in Armour
 16004 | Lair:3   | Found a hole to the Spider Nest.
 16310 | Lair:3   | Reached skill level 10 in Fighting
 16440 | Lair:3   | Found a staircase to the Shoals.
 16858 | Lair:4   | Reached skill level 13 in Long Blades
 16858 | Lair:4   | Reached skill level 13 in Dodging
 17487 | Lair:4   | Reached ****** piety under Okawaru
 17670 | Lair:5   | Entered Level 5 of the Lair of Beasts
 17679 | Lair:4   | Identified the +3 great sword of Crystal {pain, rPois rF-
                  | Stlth+} (Okawaru gifted it to you on level 4 of the Lair of
                  | Beasts)
 17679 | Lair:4   | Received a gift from Okawaru
 18030 | Lair:5   | Reached skill level 13 in Armour
 18133 | Lair:5   | Reached skill level 6 in Invocations
 18181 | Lair:5   | Reached XP level 14. HP: 76/88 MP: 19/19
 18389 | Lair:5   | Found a viscous altar of Jiyva.
 18389 | Lair:5   | Found a staircase to the Slime Pits.
 18601 | Lair:5   | Received a gift from Okawaru
 19014 | Lair:5   | Reached skill level 14 in Long Blades
 19014 | Lair:5   | Reached skill level 14 in Dodging
 19504 | Lair:5   | Identified the ring "Babubuosk" {*Slow rC++ rN+ Int+3
                  | Dex+2}
 19896 | Orc:1    | Entered Level 1 of the Orcish Mines
 19936 | Orc:1    | Noticed Sonja
 19971 | Orc:1    | Killed Sonja
 20220 | Orc:1    | Received a gift from Okawaru
 20308 | Orc:1    | Noticed Maurice
 20326 | Orc:1    | Killed Maurice
 20648 | Orc:2    | Entered Level 2 of the Orcish Mines
 20736 | Orc:2    | Noticed Jorgrun
 20736 | Orc:2    | Noticed Erolcha
 20918 | Orc:2    | Killed Jorgrun
 21219 | Orc:2    | Killed Erolcha
 21235 | Orc:2    | Found a staircase to the Elven Halls.
 21242 | Orc:2    | Reached skill level 14 in Armour
 21375 | Orc:2    | Gained mutation: You occasionally shout uncontrollably at
                  | your foes. [a neqoxec]
 21466 | Orc:2    | Found Gigirph's Magic Scroll Shop.
 21607 | Orc:2    | Found Pyawku's Magic Scroll Boutique.
 21819 | Orc:2    | Paralysed by something for 3 turns
 21828 | Orc:2    | Reached skill level 11 in Fighting
 22064 | Orc:2    | Reached skill level 7 in Invocations
 22066 | Orc:2    | Reached XP level 15. HP: 47/94 MP: 18/21
 22423 | Orc:2    | Bought a scroll of enchant armour for 97 gold pieces
 22423 | Orc:2    | Bought a scroll of teleportation for 39 gold pieces
 22423 | Orc:2    | Bought a scroll of fog for 52 gold pieces
 22423 | Orc:2    | Bought a scroll of identify for 26 gold pieces
 22430 | Orc:2    | Bought a scroll of identify for 30 gold pieces
 22430 | Orc:2    | Bought a scroll of enchant armour for 112 gold pieces
 22430 | Orc:2    | Bought a scroll of identify for 30 gold pieces
 22430 | Orc:2    | Bought a scroll of silence for 142 gold pieces
 22707 | Orc:2    | Identified a +2 robe of resistance
 22828 | Orc:2    | Reached skill level 15 in Long Blades
 22842 | Orc:2    | Reached skill level 15 in Dodging
 23041 | Orc:2    | Paralysed by an orc sorcerer for 2 turns
 23147 | Orc:2    | Found Pazyer Runu's Jewellery Emporium.
 23147 | Orc:2    | Found Fahafoxt's Antique Armour Shoppe.
 23147 | Orc:2    | Found a one-way gate leading to the halls of Pandemonium.
 23240 | Orc:2    | Bought a glowing scale mail for 175 gold pieces
 23240 | Orc:2    | Bought a brightly glowing leather armour for 175 gold
                  | pieces
 23240 | Orc:2    | Identified the +2 leather armour of Existentialism {+Blink
                  | Regen+ Str+2} (You bought it in a shop on level 2 of the
                  | Orcish Mines)
 23240 | Orc:2    | Bought a runed plate armour for 650 gold pieces
 23240 | Orc:2    | Bought a pair of steaming gloves for 237 gold pieces
 23240 | Orc:2    | Identified the -2 pair of gloves "Tuckiajiph" {Fly} (You
                  | bought it in a shop on level 2 of the Orcish Mines)
 23660 | D:12     | Noticed Nergalle
 23674 | D:12     | Killed Nergalle
 23805 | D:12     | Noticed Kirke
 23837 | D:12     | Killed Kirke
 23837 | D:12     | Received a gift from Okawaru
 24306 | D:12     | Noticed Psyche
 24312 | D:12     | Killed Psyche
 24820 | D:13     | Reached skill level 15 in Armour
 25834 | D:13     | Identified 2 potions of resistance
 25850 | D:13     | Received a gift from Okawaru
 26212 | D:13     | Found a gate to the Vaults.
 26457 | D:14     | Reached XP level 16. HP: 100/101 MP: 22/22
 26587 | D:14     | Reached skill level 8 in Invocations
 27088 | D:14     | Reached skill level 16 in Long Blades
 27107 | D:14     | Reached skill level 16 in Dodging
 27323 | D:14     | Noticed Snorg
 27330 | D:14     | Killed Snorg
 28178 | D:15     | Entered Level 15 of the Dungeon
 28179 | D:15     | Identified a scroll of acquirement
 28179 | D:15     | Acquired a manual of Dodging
 28238 | D:15     | Found a staircase to the Depths.
 28346 | D:15     | You are cast into the Abyss!
 28346 | Abyss:2  | Cast into level 2 of the Abyss (a wizard)
 28350 | Abyss:2  | Found a corrupted altar of Lugonu.
 28369 | Abyss:2  | Noticed a tentacled starspawn
 28370 | Abyss:2  | Noticed a tentacled starspawn
 28380 | Abyss:2  | Gained mutation: Potions are less effective at restoring
                  | your health. [a neqoxec]
 28390 | Abyss:2  | Killed a tentacled starspawn
 28408 | Abyss:2  | Killed a tentacled starspawn
 28408 | Abyss:2  | Received a gift from Okawaru
 28409 | Abyss:2  | Reached skill level 12 in Fighting
 28409 | Abyss:2  | Reached skill level 16 in Armour
 28457 | Abyss:2  | Noticed a tentacled starspawn
 28469 | Abyss:2  | Found a corrupted altar of Lugonu.
 28539 | Abyss:2  | Found a corrupted altar of Lugonu.
 28563 | Abyss:2  | Found a corrupted altar of Lugonu.
 28570 | Abyss:2  | Found a corrupted altar of Lugonu.
 28866 | Abyss:2  | Paralysed by a great orb of eyes for 3 turns
 29114 | Abyss:2  | Noticed a lich
 29129 | Abyss:2  | Killed a lich
 29130 | Abyss:2  | Reached skill level 17 in Dodging
 29133 | D:15     | You pass through the gate.
 29133 | D:15     | Escaped the Abyss
 30313 | Shoals:1 | Entered Level 1 of the Shoals
 30325 | Shoals:1 | Acquired 958 gold pieces
 30431 | Shoals:1 | Noticed a kraken
 30548 | Shoals:1 | HP: 8/101 [tentacle[a kraken] (14)]
 31347 | Shoals:1 | Received a gift from Okawaru
 32017 | Shoals:2 | Found Keora's Magic Scroll Shoppe.
 32199 | Shoals:2 | Bought a scroll of teleportation for 45 gold pieces
 32199 | Shoals:2 | Bought a scroll of enchant armour for 112 gold pieces
 32217 | Shoals:2 | Reached XP level 17. HP: 95/106 MP: 24/24
 32274 | Shoals:2 | Reached skill level 17 in Long Blades
 32373 | Shoals:2 | Found a runed translucent gate.
 32373 | Shoals:2 | Found a runed translucent gate.
 32373 | Shoals:2 | Found a runed translucent gate.
 33070 | Shoals:2 | Found an opulent altar of Gozag.
 33072 | Shoals:2 | Noticed Thargor's ghost (adept DjFE)
 33073 | Shoals:2 | Found Umoghoov's Assorted Antiques.
 33123 | Shoals:3 | Reached skill level 18 in Dodging
 33432 | Shoals:3 | Reached skill level 9 in Invocations
 33466 | Shoals:3 | Noticed Polyphemus
 33503 | Shoals:2 | Received a gift from Okawaru
 33741 | Shoals:3 | Killed Polyphemus
 34266 | Shoals:3 | Reached skill level 17 in Armour
 35095 | Shoals:4 | Entered Level 4 of the Shoals
 35330 | Shoals:4 | Paralysed by an air elemental for 1 turns
 35504 | Shoals:4 | Identified the +6 great sword of Ecsott {holy, Drain Will+
                  | Int+3 SInv} (Okawaru gifted it to you on level 4 of the
                  | Shoals)
 35504 | Shoals:4 | Received a gift from Okawaru
 35642 | Shoals:4 | Reached skill level 19 in Dodging
 35783 | Shoals:4 | Identified the +6 war axe of Vanity {freeze, Will+ Dex+3
                  | Stlth+}
 36670 | Shoals:4 | Paralysed by an air elemental for 1 turns
 36753 | Shoals:4 | Noticed a titan
 36774 | Shoals:4 | Killed a titan
 36893 | Shoals:4 | Paralysed by an air elemental for 1 turns
 37038 | Shoals:4 | Got a barnacled rune of Zot
 37200 | Shoals:4 | Reached skill level 18 in Long Blades
 37231 | Shoals:4 | Reached XP level 18. HP: 105/113 MP: 26/26
 37420 | Shoals:4 | Identified the +2 robe of the Many Scars {rN+++} (Okawaru
                  | gifted it to you on level 4 of the Shoals)
 37420 | Shoals:4 | Received a gift from Okawaru
 37438 | Shoals:4 | Paralysed by an air elemental for 1 turns
 37897 | Spider:1 | Entered Level 1 of the Spider Nest
 38313 | Spider:1 | Reached skill level 13 in Fighting
 38903 | Spider:1 | Reached skill level 20 in Dodging
 39076 | Spider:1 | Identified the +0 leather armour "Ukyjays" {-Tele Str+7
                  | Int-3 Dex+8}
 39095 | Spider:1 | Found a runed translucent gate.
 39097 | Spider:1 | Found a runed translucent gate.
 39098 | Spider:1 | Found a runed translucent gate.
 39099 | Spider:1 | Noticed Juwufun's ghost (adept MiBe)
 39099 | Spider:1 | Noticed Qyadack's ghost (adept HOFi)
 39099 | Spider:1 | Noticed Rod Caur's ghost (adept HOFi)
 39099 | Spider:1 | Noticed alexxx's ghost (journeyman FeSu)
 39099 | Spider:1 | Noticed ripuliukko's ghost (adept DEEE)
 39605 | Spider:1 | Reached skill level 18 in Armour
 40087 | Shoals:2 | Killed Thargor's ghost
 40627 | Spider:1 | Killed Juwufun's ghost
 40644 | Spider:1 | Killed Qyadack's ghost
 40651 | Spider:1 | Killed ripuliukko's ghost
 40662 | Spider:1 | Killed Rod Caur's ghost
 40927 | Spider:1 | Killed alexxx's ghost
 41086 | Spider:2 | Reached skill level 10 in Invocations
 41189 | Spider:2 | Identified the +2 mace "Xialamih" {flame, rPois rC- rCorr
                  | Dex+6}
 41545 | Spider:2 | Identified the ring "Himm" {Will+ EV+5 Str-2 Int+3}
 41630 | Spider:2 | Noticed Arachne
 41652 | Spider:2 | Killed Arachne
 42732 | Spider:3 | Noticed Mlioglotl
 42754 | Spider:2 | Killed Mlioglotl
 43264 | Spider:3 | Received a gift from Okawaru
 44024 | Spider:4 | Entered Level 4 of the Spider Nest
 44035 | Spider:4 | Reached XP level 19. HP: 113/120 MP: 1/27
 44051 | Spider:3 | Reached skill level 19 in Long Blades
 44276 | Spider:4 | Received a gift from Okawaru
 44346 | Spider:4 | Reached skill level 21 in Dodging
 45750 | Spider:4 | Identified the +1 leather armour "Paufaneu" {rElec rC+}
 46004 | Spider:4 | Reached skill level 19 in Armour
 46228 | Spider:4 | Got a gossamer rune of Zot
 46234 | Spider:4 | Identified the -1 hat "Vauh" {rF+ Dex+7 Slay-5}
 46823 | Vaults:1 | Entered Level 1 of the Vaults
 47895 | Vaults:1 | Reached skill level 14 in Fighting
 48402 | Vaults:1 | Found Sisear's Distillery.
 48405 | Vaults:1 | Found Meyfreb's Antique Armour Emporium.
 48497 | Vaults:1 | Bought a potion of heal wounds for 70 gold pieces
 48497 | Vaults:1 | Bought a potion of haste for 140 gold pieces
 48497 | Vaults:1 | Bought a potion of berserk rage for 70 gold pieces
 48791 | Vaults:1 | Found Mysm's Magic Scroll Shoppe.
 48801 | Vaults:1 | Bought a scroll of teleportation for 36 gold pieces
 48801 | Vaults:1 | Bought a scroll of brand weapon for 114 gold pieces
 48801 | Vaults:1 | Bought a scroll of brand weapon for 114 gold pieces
 49066 | Vaults:1 | Reached XP level 20. HP: 111/127 MP: 29/29
 49241 | Vaults:2 | Identified the scarf of Liekhal {harm, rElec} (Okawaru
                  | gifted it to you on level 2 of the Vaults)
 49241 | Vaults:2 | Received a gift from Okawaru
 49247 | Vaults:2 | Reached skill level 11 in Invocations
 49515 | Vaults:2 | Reached skill level 20 in Long Blades
 50060 | Vaults:2 | Reached skill level 22 in Dodging
 50660 | Vaults:2 | Reached skill level 20 in Armour
 51339 | Vaults:2 | Found Dytiok's Distillery.
 51342 | Vaults:2 | Bought 2 potions of mutation for 240 gold pieces
 51342 | Vaults:2 | Bought a potion of curing for 45 gold pieces
 51342 | Vaults:2 | Lost mutation: You occasionally shout uncontrollably at
                  | your foes. [potion of mutation]
 51342 | Vaults:2 | Lost mutation: Potions are less effective at restoring your
                  | health. [potion of mutation]
 51342 | Vaults:2 | Gained mutation: Your body sometimes deteriorates upon
                  | taking damage. [potion of mutation]
 51342 | Vaults:2 | Gained mutation: Your system is resistant to poisons.
                  | (rPois) [potion of mutation]
 51343 | Vaults:2 | Lost mutation: Your system is resistant to poisons. (rPois)
                  | [potion of mutation]
 51343 | Vaults:2 | Lost mutation: Your body sometimes deteriorates upon taking
                  | damage. [potion of mutation]
 51343 | Vaults:2 | Gained mutation: You are partially covered in iridescent
                  | scales. (AC +2) [potion of mutation]
 51343 | Vaults:2 | Gained mutation: Your magical capacity is low. (-10% MP)
                  | [potion of mutation]
 51343 | Vaults:2 | Gained mutation: You passively map a small area around you.
                  | [potion of mutation]
 51781 | Vaults:2 | Found a staircase to the Crypt.
 51866 | Vaults:2 | Found a runed translucent gate.
 51866 | Vaults:2 | Found a runed translucent gate.
 51866 | Vaults:2 | Found a runed translucent gate.
 51866 | Vaults:2 | Noticed Synox's ghost (legendary FoFi)
 52738 | Vaults:3 | Identified the +0 robe "Acrolos" {Int+5 Dex+4} (Okawaru
                  | gifted it to you on level 3 of the Vaults)
 52738 | Vaults:3 | Received a gift from Okawaru
 53483 | Vaults:3 | Reached XP level 21. HP: 126/132 MP: 27/27
 53643 | Vaults:3 | Found a runed translucent door.
 53645 | Vaults:3 | Noticed Yloucecuu's ghost (veteran SpEn)
 54543 | Vaults:3 | Reached skill level 21 in Long Blades
 55089 | Vaults:3 | Killed Yloucecuu's ghost
 55412 | Vaults:4 | Found a magical portal.
 55421 | WizLab   | Entered Tukima's Studio
 55829 | WizLab   | Reached skill level 21 in Armour
 55875 | WizLab   | Reached skill level 12 in Invocations
 55905 | WizLab   | Reached skill level 15 in Fighting
 55914 | WizLab   | Reached skill level 23 in Dodging
 56283 | WizLab   | HP: 13/134 [+5 vampiric battleaxe[a strange machine] (33)]
 56302 | WizLab   | HP: 10/134 [+5 vampiric battleaxe[a strange machine] (15)]
 56304 | WizLab   | Slain by a +5 vampiric battleaxe

Vanquished Creatures
  Arachne (Spider:2)
  Mlioglotl (Spider:2)
  Jorgrun (Orc:2)
  The ghost of Thargor the Acrobat, an adept DjFE of Jiyva (Shoals:2)
  A lich (Abyss:2)
  The ghost of Yloucecuu the Ninja, a veteran SpEn of Dithmenos (Vaults:3)
  2 walking frostbound tomes (WizLab)
  Polyphemus (Shoals:3)
  A sphinx (Vaults:3)
  2 tentacled starspawn (Abyss:2)
  A titan (Shoals:4)
  Kirke (D:12)
  The ghost of Juwufun the Severer, an adept MiBe of Trog (Spider:1)
  The ghost of Qyadack the Severer, an adept HOFi of Beogh (Spider:1)
  The ghost of Rod Caur the Severer, an adept HOFi of Beogh (Spider:1)
  11 vault wardens
  4 ghost moths
  6 emperor scorpions
  3 orc warlords
  A draconian annihilator (Abyss:2)
  The ghost of ripuliukko the Eclecticist, an adept DEEE of Vehumet (Spider:1)
  2 broodmothers
  6 ironbound thunderhulks
  17 ironbound preservers
  10 very ugly things
  The ghost of alexxx the Convoker, a journeyman FeSu of Gozag (Spider:1)
  2 spark wasps
  7 dire elephants
  2 crystal guardians (Vaults:2)
  Snorg (D:14)
  An ettin (Orc:2)
  9 merfolk impalers
  9 merfolk javelineers
  7 entropy weavers
  6 yaktaur captains
  Harold (Lair:1)
  6 hydras
  Erolcha (Orc:2)
  3 great orbs of eyes
  8 rakshasas
  2 demonspawn (Orc:2)
  A peacekeeper (Vaults:2)
  2 jorogumos
  An ogre mage (Orc:2)
  4 vault guards
  9 boulder beetles
  13 centaur warriors
  2 alligator snapping turtles
  3 radroaches
  A catoblepas (Shoals:3)
  Erica (D:9)
  7 ironbound frosthearts
  4 death knights
  2 merfolk avatars
  11 two-headed ogres
  7 death scarabs (Spider:4)
  7 dancing weapons (WizLab)
  4 merfolk aquamancers
  4 death yaks (Shoals:3)
  4 tengu warriors (D:13)
  A hell hog (Abyss:2)
  5 orc high priests
  A spectral emperor scorpion (Spider:4)
  A thrashing horror (Abyss:2)
  Nergalle (D:12)
  Sonja (Orc:1)
  11 pharaoh ants
  Lodul (D:10)
  A wretched star (Abyss:2)
  7 skysharks
  7 skeletal warriors
  13 sea snakes
  A sixfirhy (Orc:2)
  2 death drakes (shapeshifter)
  54 deep trolls
  A glowing orange brain (Vaults:3)
  6 steelbarb worms
  5 orb spiders
  An obsidian statue (Shoals:2)
  6 wizards
  An orange crystal statue (D:10)
  A phantasmal warrior (D:14)
  21 harpies
  A spectral wolf spider (Spider:4)
  14 ironbound convokers
  4 deep elf pyromancers
  7 lindwurms
  4 fauns
  13 orc knights
  8 orc sorcerers
  An oklob plant (Lair:2)
  21 ugly things
  6 cyclopes
  12 manticores
  16 wolf spiders
  2 moths of wrath
  16 demonic crawlers
  4 merfolk sirens
  5 black mambas
  An ice statue (D:10)
  2 torpor snails
  10 water nymphs
  3 elephants (Lair:3)
  Maurice (Orc:1)
  2 gargoyles
  12 cane toads
  A hellion (D:15)
  3 rime drakes
  10 vault sentinels
  Psyche (D:12)
  An unseen horror (D:12)
  3 kobold demonologists
  37 yaktaurs
  9 komodo dragons
  A spectral redback (Spider:4)
  2 freezing wraiths (D:14)
  4 efreet
  A tengu conjurer (D:13)
  An ice devil (Orc:2)
  26 merfolk
  An ancient zyme (Abyss:2)
  11 trolls
  A spectral tarantella (Spider:4)
  10 hornets (Spider:3)
  8 wind drakes
  2 spectral jumping spiders (Spider:4)
  A polar bear (Lair:4)
  3 tyrant leeches (Lair:5)
  Grinder (D:4)
  26 tarantellas
  A jumping spider zombie (Spider:4)
  5 spectral culicivoras (Spider:4)
  9 dream sheep
  24 blink frogs
  A culicivora zombie (Spider:4)
  17 jumping spiders
  3 snapping turtles
  21 slime creatures
  5 air elementals (Shoals:4)
  19 culicivoras
  4 hogs (D:12)
  4 vampires
  4 wyverns
  5 wraiths
  35 yaks
  A yak (shapeshifter) (D:8)
  19 water elementals
  4 basilisks
  A ynoxinul (Abyss:2)
  Eustachio (D:4)
  35 redbacks
  2 chaos spawn
  4 neqoxecs
  10 vampire mosquitoes
  Menkaure (D:5)
  Edmund (D:5)
  13 water moccasins
  3 large abominations (Abyss:2)
  37 orc warriors
  3 ice beasts
  5 black bears
  2 sky beasts
  16 ogres
  32 wolves
  32 centaurs
  5 kobold brigands
  12 bullfrogs
  9 scorpions
  2 gnoll sergeants (D:8)
  A necrophage (D:5)
  2 small abominations (Abyss:2)
  A wight (Vaults:2)
  7 killer bees
  5 howler monkeys
  8 electric eels
  A quasit (Abyss:2)
  2 hounds
  25 orc priests
  Crazy Yiuf (D:4)
  A gnoll bouda (D:6)
  7 jellies
  A bullfrog skeleton (D:5)
  5 iguanas
  17 orc wizards
  21 hell rats
  Robin (D:4)
  12 adders
  19 gnolls
  13 river rats (Lair:1)
  A shadow imp (D:6)
  2 white imps
  3 ufetubi
  3 worms
  3 dart slugs
  101 orcs
  10 ball pythons
  8 endoplasms
  3 giant cockroaches
  14 goblins
  7 hobgoblins
  12 jackals
  31 kobolds
  10 quokkas
  8 bats
  2 frilled lizards
  21 rats
  7 tentacles (Shoals:1)
1512 creatures vanquished.

Vanquished Creatures (others)
  A lindwurm (Vaults:4)
  A wizard (Vaults:1)
  A yaktaur (Vaults:4)
  A lurking horror (Abyss:2)
  6 starspawn tentacles (Abyss:2)
  31 tentacles (Shoals:1)
41 creatures vanquished.

Grand Total: 1553 creatures vanquished

Table legend: (Time is in decaauts)
 A = Elapsed time spent in this place.
 B = Non-inter-level travel time spent in this place.
 C = Inter-level travel time spent in this place.
 D = Time resting spent in this place.
 E = Time spent auto-exploring this place.
 F = Levels seen in this place.
 G = Mean time per level.
                   A        B        C        D        E       F      G
               +--------+--------+--------+--------+--------+-----+--------+
         Total |  52662 |  49567 |   3095 |   6324 |  33291 |  38 | 1385.8 |
       Dungeon |  18191 |  16836 |   1355 |   1552 |  12031 |  15 | 1212.7 |
        Temple |     98 |     88 |     10 |      0 |     78 |   1 |   98.0 |
          Lair |   5907 |   5345 |    562 |    514 |   3821 |   5 | 1181.4 |
        Shoals |   7496 |   7228 |    268 |   1201 |   4740 |   4 | 1874.0 |
   Spider Nest |   7585 |   7082 |    503 |   1157 |   4498 |   4 | 1896.2 |
  Orcish Mines |   3133 |   2992 |    141 |    269 |   1956 |   2 | 1566.5 |
        Vaults |   7973 |   7721 |    252 |   1212 |   4992 |   4 | 1993.2 |
         Abyss |    743 |    743 |      0 |    301 |    248 |   1 |  743.0 |
        Bailey |    696 |    696 |      0 |     63 |    362 |   1 |  696.0 |
        Wizlab |    837 |    837 |      0 |     52 |    561 |   1 |  837.0 |
               +--------+--------+--------+--------+--------+-----+--------+

Top non-repeatable levels by time:
Vaults:2: 2958 daAuts
Vaults:1: 2794 daAuts
Spider:1: 2480 daAuts
   Orc:2: 2299 daAuts
Shoals:4: 2278 daAuts
Vaults:3: 2118 daAuts
Spider:3: 2083 daAuts
Shoals:3: 1962 daAuts
     D:4: 1846 daAuts
Shoals:1: 1807 daAuts
    D:13: 1642 daAuts
    D:14: 1615 daAuts
  Lair:5: 1574 daAuts
Spider:2: 1523 daAuts
  Lair:1: 1512 daAuts

Table legend:
 A = Non-vault XP
 B = Vault XP
 C = Vault XP percentage of total XP
 D = Non-vault monster count
 E = Vault monster count
 F = Vault count percentage of total count
                 A         B        C        D         E       F
            +---------+---------+-------+---------+---------+-------
      Total |  310557 |  245525 |  44.2 |     919 |     587 |  39.0
            +---------+---------+-------+---------+---------+-------
        D:1 |      57 |       4 |   6.6 |      30 |       2 |   6.2
        D:2 |     102 |      21 |  17.1 |      23 |       4 |  14.8
        D:3 |      81 |       4 |   4.7 |      17 |       2 |  10.5
        D:4 |     639 |     533 |  45.5 |      18 |      10 |  35.7
        D:5 |     701 |     676 |  49.1 |      21 |       5 |  19.2
        D:6 |    1377 |     230 |  14.3 |      24 |       2 |   7.7
        D:7 |     825 |     119 |  12.6 |      19 |       1 |   5.0
        D:8 |    1490 |    3226 |  68.4 |      27 |      16 |  37.2
        D:9 |    2459 |     834 |  25.3 |      12 |       1 |   7.7
       D:10 |    4148 |    2943 |  41.5 |      28 |      16 |  36.4
       D:11 |    2520 |     217 |   7.9 |      14 |      17 |  54.8
       D:12 |    5000 |    3440 |  40.8 |      14 |       7 |  33.3
       D:13 |    5834 |   13701 |  70.1 |      13 |      23 |  63.9
       D:14 |   11996 |     945 |   7.3 |      35 |       1 |   2.8
       D:15 |   11805 |    4080 |  25.7 |      22 |       6 |  21.4
     Lair:1 |    4152 |    2244 |  35.1 |      28 |      50 |  64.1
     Lair:2 |    5024 |     572 |  10.2 |      29 |       1 |   3.3
     Lair:3 |    2793 |    1189 |  29.9 |      13 |       3 |  18.8
     Lair:4 |   10119 |       0 |   0.0 |      31 |       0 |   0.0
     Lair:5 |    7318 |    9372 |  56.2 |      21 |      39 |  65.0
   Shoals:1 |    9802 |       0 |   0.0 |      21 |       0 |   0.0
   Shoals:2 |    8374 |    6327 |  43.0 |      15 |       8 |  34.8
   Shoals:3 |   18162 |    6455 |  26.2 |      33 |       7 |  17.5
   Shoals:4 |   11302 |   26127 |  69.8 |      24 |      53 |  68.8
   Spider:1 |   16332 |    9111 |  35.8 |      34 |      11 |  24.4
   Spider:2 |   11753 |    4290 |  26.7 |      33 |       2 |   5.7
   Spider:3 |   12354 |   11770 |  48.8 |      27 |      28 |  50.9
   Spider:4 |   10308 |   27773 |  72.9 |      25 |      53 |  67.9
      Orc:1 |    4161 |    1204 |  22.4 |      42 |       2 |   4.5
      Orc:2 |    9847 |   17463 |  63.9 |      44 |      59 |  57.3
   Vaults:1 |   27771 |   17036 |  38.0 |      50 |      27 |  35.1
   Vaults:2 |   39322 |   22523 |  36.4 |      53 |      31 |  36.9
   Vaults:3 |   31984 |   27617 |  46.3 |      39 |      34 |  46.6
   Vaults:4 |   11723 |    1148 |   8.9 |      20 |       2 |   9.1
    Abyss:2 |    8922 |    5061 |  36.2 |      20 |       7 |  25.9
     Bailey |       0 |    2276 | 100.0 |       0 |      41 | 100.0
     WizLab |       0 |   14994 | 100.0 |       0 |      16 | 100.0
            +---------+---------+-------+---------+---------+-------
